 Dungeon Crawl Stone Soup version 0.27-a0-1202-ge72e49191c (webtiles) character file.

Game seed: 5656757091886636132

1372 siradein the Magician (level 8, 0/58 HPs)
             Began as a Djinni Hedge Wizard on June 3, 2021.
             Was an Initiate of Makhleb.
             Slain by an unseen horror (7 damage)
             ... on level 6 of the Dungeon on June 4, 2021.
             The game lasted 00:26:22 (8023 turns).

siradein the Magician (Djinni Hedge Wizard)         Turns: 8023, Time: 00:26:23

Health: 0/58       AC:  7    Str:  9    XL:     8   Next: 98%
Gold:   245        EV: 11    Int: 18    God:    Makhleb [......] SH:  0 Dex: 13

rFire    + + .     SeeInvis .   i - staff of death
rCold    . . .     Faith    .   (no shield)
rNeg     + . .     Spirit   .   x - +2 ring mail {rC+}
rPois    ∞         Reflect  .   c - +0 hat
rElec    .         Harm     .   (no cloak)
rCorr    .         Rampage  .   (no gloves)
Will     +....                  (boots unavailable)
Stlth    +.........             n - amulet of the acrobat
HPRegen  0.19/turn              t - ring of willpower
MPRegen  0.00/turn              (no ring)

@: flying
A: sickness immunity, fire resistance 2, cold vulnerability 1, float, innate
caster, hp casting, extra vitality 1
a: Renounce Religion


You were on level 6 of the Dungeon.
You worshipped Makhleb.
Makhleb was noncommittal.
You visited 2 branches of the dungeon, and saw 7 of its levels.
You also visited: Ossuary.

You collected 245 gold pieces.

Inventory:

Armour
 c - a +0 hat (worn)
 x - a +2 ring mail of cold resistance (worn)
Magical Staves
 i - a staff of death (weapon)
 l - a staff of earth
Jewellery
 n - an amulet of the acrobat (around neck)
 t - a ring of willpower (left hand)
Wands
 s - a wand of iceblast (17)
 z - a wand of flame (21)
Scrolls
 d - a scroll of noise {unknown}
 e - 4 scrolls of amnesia {unknown}
 j - a scroll of fear {unknown}
 m - 3 scrolls of teleportation {unknown}
 p - a scroll of immolation {unknown}
 u - a scroll of magic mapping {unknown}
 y - a scroll of identify
 A - a scroll of fog {unknown}
Potions
 a - a potion of attraction
 b - a potion of lignification
 f - 2 potions of berserk rage
 g - 7 potions of curing
 h - a potion of might
 k - 2 potions of mutation
 o - a potion of haste {unknown}
 q - a potion of cancellation {unknown}
 r - a potion of ambrosia {unknown}
 v - a potion of heal wounds {unknown}
 w - a potion of magic {unknown}


   Skills:
 + Level 4.0 Fighting
 + Level 3.8 Armour
 + Level 5.0 Dodging
 - Level 1.5 Stealth
 + Level 6.1 Spellcasting


You couldn't memorise any spells.
You knew the following spells:

 Your Spells              Type           Power      Damage    Failure   Level
a - Magic Dart            Conj           100%       1d8       2%          1
b - Blink                 Tloc           N/A        N/A       3%          2
c - Call Imp              Summ           27%        N/A       3%          2
d - Slow                  Hex            27%        N/A       3%          2
e - Conjure Flame         Conj/Fire      27%        6-21      8%          3
f - Mephitic Cloud        Conj/Pois/Air  27%        N/A       8%          3
g - Foxfire               Conj/Fire      100%       2x1d9     2%          1
h - Searing Ray           Conj           54%        3d5       3%          2
i - Gell's Gravitas       Tloc           13%        N/A       8%          3
Your spell library was empty.

Dungeon Overview and Level Annotations

Branches:
Dungeon (6/15)             Temple (1/1) D:5         Ossuary (visited)

Altars:
Cheibriados
Dithmenos
Elyvilon
Fedhas
Hepliaklqana
Kikubaaqudgha
Makhleb
Okawaru
Qazlal
Ru
Sif Muna
Trog
Uskayaw
Vehumet
Wu Jian
Xom
Yredelemnul
Zin
The Shining One

Annotations:
D:3 1 runed translucent door, Crazy Yiuf


Innate Abilities, Weirdness & Mutations

You are immune to sickness and miasma.
You are immune to poison.
Your flesh is very heat resistant. (rF++)
You are vulnerable to cold. (rC-)
You float through the air rather than walking.
You learn spells naturally, not from books.
Your magical power is your life essence.
You have superior vitality. (+4 HP)


Message History

You closely miss something. Something hits you but does no damage.
Something hits you. Something hits you but does no damage.
Something barely misses you. Something hits you. Something closely misses you.
There is a stone staircase leading down here.
Something hits you but does no damage.
Aiming: Searing Ray (safe; 3% risk of failure)
Press: ? - help, Q - select action, (/) - cycle Shift-Dir - straight line The searing ray hits something. (Press . to maintain the ray.)
Something hits you but does no damage.
Unknown command.
Something completely misses you. Something hits you!
Something hits you but does no damage.
The searing ray hits something!
You finish channeling your searing ray.
Something barely misses you.
Aiming: Searing Ray (safe; 3% risk of failure)
Press: ? - help, Q - select action, (/) - cycle Shift-Dir - straight line The searing ray hits something. (Press . to maintain the ray.)
Something hits you.
The searing ray hits something!
Something hits you! Something hits you.
You finish channeling your searing ray.
Something hits you!
Aiming: Searing Ray (safe; 3% risk of failure)
Press: ? - help, Q - select action, (/) - cycle Shift-Dir - straight line (Press . to maintain the ray.)
* * * LOW HITPOINT WARNING * * *
Something hits you!
* * * LOW HITPOINT WARNING * * *
Something hits you.
* * * LOW HITPOINT WARNING * * *
The searing ray hits something!
* * * LOW HITPOINT WARNING * * *
Something misses you. Something barely misses you.
You feel better. Something hits you.
* * * LOW HITPOINT WARNING * * *
Something hits you!
You die...

...#####.###.###.#
#.
.........###.###.#
#.
.######........).#
#. #
####<####.##### ##
#. #.........# #
##.# #.##.######
##...##.##.#
#.....#.##.#
##......>@.#
#..######## .....
#.### #


There were no monsters in sight!

Vanquished Creatures
  A water moccasin (D:5)
  An ice beast (D:3)
  2 sky beasts
  2 necrophages (D:5)
  2 scorpions
  A water moccasin zombie (Ossuary)
  A howler monkey (D:4)
  A crimson imp (D:5)
  A hound (D:4)
  A jelly (D:5)
  2 orc priests (D:5)
  A centaur skeleton (D:6)
  2 iguanas
  2 orc wizards
  A hound zombie (D:5)
  A hound skeleton (D:4)
  2 mummies (Ossuary)
  4 gnolls
  3 adders
  2 white imps
  3 adder zombies (Ossuary)
  3 dart slugs
  6 orcs
  11 ball pythons
  4 bats
  6 endoplasms
  6 giant cockroaches
  2 gnoll zombies (Ossuary)
  5 goblins
  8 hobgoblins
  3 jackals
  7 kobolds
  12 quokkas
  5 frilled lizards
  A goblin skeleton (D:3)
  A goblin zombie (D:3)
  7 hobgoblin zombies
  A jackal skeleton (D:4)
  5 kobold zombies (Ossuary)
  An orc skeleton (D:3)
  7 orc zombies
  5 rats
142 creatures vanquished.

Vanquished Creatures (collateral kills)
  Sigmund (D:3)
  2 jackals (D:1)
3 creatures vanquished.

Vanquished Creatures (others)
  69 foxfires (D:3)
69 creatures vanquished.

Grand Total: 214 creatures vanquished

Notes
Turn   | Place    | Note
-------+----------+-------------------------------------------
     0 | D:1      | siradein the Djinni Hedge Wizard began the quest for the
                  | Orb.
     0 | D:1      | Reached XP level 1. HP: 15/15 MP: 0/0
   249 | D:1      | Reached XP level 2. HP: 4/21 MP: 0/0
   672 | D:1      | Reached skill level 3 in Spellcasting
   918 | D:1      | Reached XP level 3. HP: 10/25 MP: 0/0
   918 | D:1      | Learned a level 1 spell: Foxfire
  1241 | D:1      | Identified the Incunabulum of Damaging Stones
  1489 | D:1      | Found a faded altar of an unknown god.
  2092 | D:2      | Found a shadowy altar of Dithmenos.
  2184 | D:2      | Reached XP level 4. HP: 29/31 MP: 0/0
  2825 | D:3      | Found a glowing golden altar of the Shining One.
  3225 | D:3      | Found a runed translucent door.
  3226 | D:3      | Noticed Crazy Yiuf
  3479 | D:3      | Noticed Sigmund
  3604 | D:3      | Killed Sigmund
  3605 | D:3      | Reached skill level 4 in Spellcasting
  3605 | D:3      | Reached XP level 5. HP: 16/35 MP: 0/0
  3605 | D:3      | Learned a level 2 spell: Searing Ray
  4265 | D:3      | Noticed an ice beast
  4295 | D:3      | Killed an ice beast
  4296 | D:3      | Reached skill level 5 in Spellcasting
  4296 | D:3      | Reached XP level 6. HP: 34/40 MP: 0/0
  5110 | D:4      | Noticed a sky beast
  5118 | D:4      | Reached skill level 1 in Fighting
  5122 | D:4      | Killed a sky beast
  5123 | D:4      | Reached skill level 1 in Armour
  5123 | D:4      | Reached XP level 7. HP: 15/47 MP: 0/0
  5123 | D:4      | Learned a level 3 spell: Gell's Gravitas
  6029 | D:5      | Entered Level 5 of the Dungeon
  6047 | D:5      | Noticed a water moccasin
  6065 | D:5      | Found a sand-covered staircase.
  6073 | Ossuary  | Entered an ossuary
  6390 | Ossuary  | Reached XP level 8. HP: 53/55 MP: 0/0
  6959 | D:5      | Found a staircase to the Ecumenical Temple.
  6977 | Temple   | Entered the Ecumenical Temple
  7223 | Temple   | Became a worshipper of Makhleb the Destroyer
  7287 | D:5      | Reached skill level 6 in Spellcasting
  7903 | D:6      | Reached skill level 5 in Dodging
  8023 | D:6      | Slain by an unseen horror

Illustrated notes

Levels and vault maps discovered:
D:1:      heliophobic_arrival_ceremonial_halls, layout_basic,
          hellmonk_ecumenical_altar_crossroads, minmay_circled_x
D:2:      layout_basic, basic_altar, kennysheep_generic_room_12
D:3:      minmay_razor_zed, layout_loops_ring, nicolae_tso_besieged_by_evil,
          uniq_sigmund, uniq_crazy_yiuf_cottage
D:4:      layout_rooms
D:5:      layout_basic, minmay_temple_entry_drinking_statues,
          nicolae_ossuary_entry_plus, minmay_fire_ice_demons
D:6:      layout_loops_corners, serial_shops, nicolae_shop_trees, minivault_19,
          minmay_misc_feat_encased, chequers_serial_rivers_small_b,
          kennysheep_potato
Temple:   dpeg_five_rooms_temple

Skill      XL: |  1  2  3  4  5  6  7  8 |
---------------+-------------------------+-----
Spellcasting   | 3 4 5 6 |  6.1
Fighting       | 1 2 4 |  4.0
Armour         | 1 2 3 |  3.8
Dodging        | 3 5 |  5.0
Stealth        | |  1.5

Action                   |  1- 3 |  4- 6 |  7- 9 || total
-------------------------+-------+-------+-------++-------
Melee: Staff             |       |       |     1 ||     1
 Cast: Magic Dart        |    80 |    17 |     3 ||   100
       Call Imp          |     1 |    12 |       ||    13
       Foxfire           |       |    40 |       ||    40
       Searing Ray       |       |    22 |    50 ||    72
  Use: Scroll            |       |     3 |     6 ||     9
       Potion            |       |       |     1 ||     1
Armor: Robe              |     1 |     6 |     7 ||    14
       Ring mail         |       |       |     6 ||     6
Dodge: Dodged            |     9 |    15 |    27 ||    51

Table legend: (Time is in decaauts)
 A = Elapsed time spent in this place.
 B = Non-inter-level travel time spent in this place.
 C = Inter-level travel time spent in this place.
 D = Time resting spent in this place.
 E = Time spent auto-exploring this place.
 F = Levels seen in this place.
 G = Mean time per level.
                   A        B        C        D        E       F      G
               +--------+--------+--------+--------+--------+-----+--------+
         Total |   8021 |   7710 |    311 |      8 |   6770 |   8 | 1002.6 |
       Dungeon |   7300 |   7071 |    229 |      8 |   6187 |   6 | 1216.7 |
        Temple |    295 |    213 |     82 |      0 |    212 |   1 |  295.0 |
       Ossuary |    424 |    424 |      0 |      0 |    371 |   1 |  424.0 |
               +--------+--------+--------+--------+--------+-----+--------+

Top non-repeatable levels by time:
     D:3: 1910 daAuts
     D:1: 1606 daAuts
     D:4: 1383 daAuts
     D:2: 1126 daAuts
     D:5: 1043 daAuts
 Ossuary: 424 daAuts
  Temple: 295 daAuts
     D:6: 230 daAuts
